[Event "Titled Tuesday Blitz June 20 Late 2023"]
[White "Leon Oquendo, Jorge"]
[Black "Kovalevsky, Stanislav"]
[WhiteFideId "3514803"]
[BlackFideId "13508598"]
[WhiteElo "2276"]
[BlackElo "2112"]
[Result "1-0"]
[Round "11"]
[TimeControl "180+2"]
[Date "2023.06.20"]
[WhiteClock "0:00:38"]
[BlackClock "0:00:00"]
[Board "26"]

1. d4 Nf6 2. c4 e6 3. Nc3 Bb4 4. f3 d5 5. a3 Bxc3+ 6. bxc3 b6 7. cxd5 exd5 8. e3 O-O 9. Bd3 Re8 10. Ne2 Ba6 11. O-O Qd7 12. Bxa6 Nxa6 13. Ng3 c5 14. Qd3 Nc7 15. Ra2 Rac8 16. a4 Ne6 17. a5 b5 18. a6 cxd4 19. cxd4 Rc4 20. Bd2 Rec8 21. Rb1 Ne8 22. Rab2 Nd6 23. Nf5 Nf4 24. Nh6+ gxh6 25. exf4 R8c6 26. g4 Rxa6 27. f5 Qe7 28. Bxh6 Qf6 29. Be3 h5 30. h3 Qh4 31. Bf4 Qxh3 32. Rh2 Rxd4 33. Qxd4 Qxf3 34. Rf1 Qe4 35. Qxe4 Nxe4 36. Rxh5 b4 37. Rb1 Rb6 38. Be3 Rb7 39. g5 Ng3 40. Rh3 Nxf5 41. Bc5 a5 42. Rf3 Nh4 43. Rf4 Ng6 44. Rf5 Rb5 45. Rxd5 Nf4 46. Rd8+ Kh7 47. Bd4 Ne2+ 48. Kf2 Nxd4 49. Rxd4 Rxg5 50. Rbd1 Rb5 51. Rd5 1-0


[Site "https://www.chess.com"]

[Event "Titled Tuesday Blitz June 20 Late 2023"]
[White "Haszon, David"]
[Black "Howell, David W L"]
[WhiteFideId "733610"]
[BlackFideId "410608"]
[WhiteElo "2210"]
[BlackElo "2567"]
[Result "1-0"]
[Round "11"]
[TimeControl "180+2"]
[Date "2023.06.20"]
[WhiteClock "0:00:07"]
[BlackClock "0:00:03"]
[Board "27"]

1. d4 e6 2. Nf3 Nf6 3. Bf4 b6 4. Nbd2 Bb7 5. e3 Be7 6. Bd3 Nh5 7. Bg3 O-O 8. c3 d6 9. Qc2 g6 10. O-O-O Nd7 11. e4 c5 12. Kb1 a6 13. h4 cxd4 14. Nxd4 Nxg3 15. fxg3 Ne5 16. h5 Bf6 17. N2f3 b5 18. Nxe5 Bxe5 19. Rh3 Rc8 20. Nf3 Qf6 21. Rdh1 g5 22. h6 Rc5 23. Qd2 g4 24. Nxe5 Rxe5 25. Rh5 Bxe4 26. Rxe5 Qxe5 27. Ka1 Bxd3 28. Qxd3 Rc8 29. Rf1 f5 30. Qd2 Kf7 31. Re1 Qxg3 32. Rf1 d5 33. Qg5 Qe5 34. Qh5+ Ke7 35. Qg5+ Qf6 36. Qe3 Rc7 37. Qb6 Qe5 38. Qf2 Kf7 39. Re1 Qf6 40. Qb6 Re7 41. Qxa6 b4 42. cxb4 e5 43. Qb5 d4 44. Qc4+ Qe6 45. Qd3 Kg6 46. g3 Qd5 47. b5 e4 48. Qd2 d3 49. Qb4 Re6 50. Qf8 Qe5 51. Qg8+ Kf6 52. Qg7# 1-0


[Site "https://www.chess.com"]

[Event "Titled Tuesday Blitz June 20 Late 2023"]
[White "Isajevsky, Anton"]
[Black "Licznerski, Lukasz"]
[WhiteFideId "4142500"]
[BlackFideId "1179250"]
[WhiteElo "2510"]
[BlackElo "2453"]
[Result "0-1"]
[Round "11"]
[TimeControl "180+2"]
[Date "2023.06.20"]
[WhiteClock "0:00:00"]
[BlackClock "0:00:16"]
[Board "28"]

1. c4 Nf6 2. Nc3 d5 3. cxd5 Nxd5 4. Nf3 g6 5. Qb3 Nb6 6. d4 Bg7 7. Bf4 O-O 8. Rd1 Bg4 9. e3 N8d7 10. Be2 c6 11. h3 Bxf3 12. Bxf3 e5 13. dxe5 Qe7 14. e6 Qxe6 15. Qxe6 fxe6 16. Ke2 Ne5 17. Bxe5 Bxe5 18. Rd3 Nc4 19. Rb1 Rad8 20. b3 Rxd3 21. Kxd3 Na3 22. Rc1 Rd8+ 23. Ke2 Kf7 24. Be4 Ke7 25. f4 Bg7 26. Bd3 a6 27. Ne4 Nb5 28. a4 Nc7 29. Nc5 Rb8 30. e4 Bd4 31. b4 Bxc5 32. Rxc5 Kd6 33. Ke3 b6 34. Rc2 a5 35. bxa5 bxa5 36. g4 Rb3 37. h4 Na6 38. e5+ Kd5 39. Ke2 Rxd3 40. Kxd3 Nb4+ 41. Kc3 Nxc2 42. Kxc2 Ke4 0-1


[Site "https://www.chess.com"]

[Event "Titled Tuesday Blitz June 20 Late 2023"]
[White "Cardoso Cardoso, Jose Gabriel"]
[Black "TimGrutter03"]
[WhiteFideId "4430492"]
[WhiteElo "2484"]
[BlackElo "2619"]
[Result "0-1"]
[Round "11"]
[TimeControl "180+2"]
[Date "2023.06.20"]
[WhiteClock "0:00:49"]
[BlackClock "0:00:05"]
[Board "29"]

1. d4 Nf6 2. Nc3 d5 3. Bf4 g6 4. e3 Bg7 5. h4 h6 6. Nf3 O-O 7. Ne5 Nbd7 8. Bd3 c5 9. f3 cxd4 10. exd4 Qb6 11. Qd2 Qxd4 12. Nxd7 Bxd7 13. Bxh6 e5 14. Bxg7 Kxg7 15. h5 e4 16. h6+ Kh7 17. Be2 Qxd2+ 18. Kxd2 Bc6 19. g4 exf3 20. Bd3 Nxg4 21. Raf1 d4 22. Ne4 Bxe4 23. Bxe4 f2 24. Bf3 f5 25. Rh4 Rae8 26. Bxg4 fxg4 27. Rxg4 Kxh6 28. Rg2 g5 29. Kd3 Kh5 30. Rgxf2 Rxf2 31. Rxf2 g4 32. Rf7 Rg8 33. Ke2 g3 34. Kf1 Kg4 35. Kg2 Re8 36. Rg7+ Kf4 37. Rf7+ Ke3 38. Rxb7 Kd2 39. Rd7 Re4 40. c3 d3 41. b3 Kc2 42. c4 d2 43. Kf3 Re1 44. c5 d1=Q+ 45. Rxd1 Kxd1 46. b4 Kc2 47. Kxg3 Re7 48. c6 Kc3 49. b5 Kb4 50. a4 Kxa4 51. b6 axb6 52. Kf4 Rc7 53. Ke5 Rxc6 54. Kd5 Rc8 0-1


[Site "https://www.chess.com"]

[Event "Titled Tuesday Blitz June 20 Late 2023"]
[White "Gubajdullin, Alexei"]
[Black "Maksimovic, Bojan"]
[WhiteFideId "4141202"]
[BlackFideId "14408120"]
[WhiteElo "2279"]
[BlackElo "2457"]
[Result "0-1"]
[Round "11"]
[TimeControl "180+2"]
[Date "2023.06.20"]
[WhiteClock "0:00:03"]
[BlackClock "0:01:36"]
[Board "30"]

1. d4 Nf6 2. Nf3 d6 3. Bf4 Nh5 4. e3 Nxf4 5. exf4 g6 6. h4 Bg7 7. h5 Bg4 8. h6 Bf6 9. c3 Nd7 10. Nbd2 c5 11. Ne4 Bxf3 12. Qxf3 cxd4 13. Nxf6+ Nxf6 14. Bb5+ Kf8 15. O-O Qb6 16. a4 Ng8 17. f5 Nxh6 18. f6 Nf5 19. g4 Nh4 20. fxe7+ Kg7 21. Qg3 g5 22. Rae1 Rae8 23. Kh2 Ng6 24. Bxe8 Rxe8 25. f4 Qxb2+ 26. Rf2 Qxc3 27. f5 Qxg3+ 28. Kxg3 Nf4 29. Re4 d5 30. Rxd4 Rxe7 31. Rb2 Ne2+ 32. Rxe2 Rxe2 33. Rxd5 Re3+ 34. Kf2 Re4 35. Rd7 Rxg4 36. Rxb7 Rxa4 37. Kg3 Rf4 38. Rb5 h5 39. Ra5 h4+ 40. Kh3 Kf6 41. Rxa7 Rxf5 42. Ra6+ Kg7 43. Kg4 Re5 44. Kh5 h3 45. Ra3 h2 46. Rh3 Re6 47. Kxg5 Rg6+ 48. Kf5 Rh6 49. Rg3+ Kf8 0-1


[Site "https://www.chess.com"]

[Event "Titled Tuesday Blitz June 20 Late 2023"]
[White "Ladron De Guevara Pinto, Paolo"]
[Black "Bryakin, Mikhail"]
[WhiteFideId "2290847"]
[BlackFideId "4165314"]
[WhiteElo "2398"]
[BlackElo "2464"]
[Result "0-1"]
[Round "11"]
[TimeControl "180+2"]
[Date "2023.06.20"]
[WhiteClock "0:00:00"]
[BlackClock "0:00:56"]
[Board "31"]

1. Nf3 c6 2. g3 g6 3. Bg2 Bg7 4. O-O Nf6 5. d3 O-O 6. e4 d5 7. Qe2 b6 8. e5 Ne8 9. h4 h5 10. c4 Bg4 11. Nc3 d4 12. Nb1 f6 13. exf6 exf6 14. Bf4 Nd6 15. Qc2 Nf7 16. Re1 Na6 17. a3 Rc8 18. b4 c5 19. b5 Nc7 20. a4 Ne6 21. Bd2 Bf5 22. a5 Qc7 23. axb6 axb6 24. Nh2 Rfe8 25. Bd5 Kh7 26. Qd1 Ne5 27. Bxe6 Rxe6 28. Bf4 Rce8 29. Nd2 Bxd3 30. Bxe5 fxe5 31. Nhf3 Bf6 32. Ne4 Bxc4 33. Neg5+ Bxg5 34. Nxg5+ Kg7 35. Nxe6+ Rxe6 36. Qc1 Bd5 37. Qg5 Qe7 38. Qxe7+ Rxe7 39. Ra6 Re6 40. Rea1 c4 41. Ra7+ Kf6 42. Re1 c3 43. Rd7 Bc4 44. f4 d3 45. fxe5+ Rxe5 46. Rd6+ Kf5 47. Rf1+ Ke4 48. Rdf6 d2 49. R6f4+ Kd5 50. Rd1 Bb3 51. Rf3 Bxd1 52. Rxc3 Kd4 53. Rc2 Bxc2 0-1


[Site "https://www.chess.com"]

[Event "Titled Tuesday Blitz June 20 Late 2023"]
[White "De La Villa Garcia, Jesus Maria"]
[Black "Ghazarian, Kirk"]
[WhiteFideId "2200040"]
[BlackFideId "30908604"]
[WhiteElo "2589"]
[BlackElo "2346"]
[Result "1-0"]
[Round "11"]
[TimeControl "180+2"]
[Date "2023.06.20"]
[WhiteClock "0:01:19"]
[BlackClock "0:00:29"]
[Board "32"]

1. c4 e6 2. g3 d5 3. Bg2 Ne7 4. Nf3 g6 5. O-O Bg7 6. d4 O-O 7. cxd5 exd5 8. Nc3 Bf5 9. Nh4 Be6 10. Nf3 Nd7 11. Ng5 Nb6 12. Nxe6 fxe6 13. e3 c6 14. b3 e5 15. Ba3 Rf7 16. dxe5 Bxe5 17. Rc1 Nf5 18. Ne2 Qd7 19. e4 dxe4 20. Bxe4 Nd6 21. Bxd6 Bxd6 22. Qc2 Re8 23. Nc3 Be5 24. Rce1 Bd4 25. Rd1 c5 26. Bg2 Qf5 27. Ne4 Qe5 28. Rde1 Rfe7 29. Kh1 Qg7 30. h4 Kh8 31. Rd1 Qe5 32. Ng5 Qe2 33. Qb1 Bxf2 34. Bf3 Qe3 35. Kg2 Bxg3 36. Kxg3 Qe5+ 37. Kg2 Qf4 38. Qa1+ Rg7 39. Rde1 Rd8 40. Qxg7+ Kxg7 41. Ne6+ Kf6 42. Nxf4 Rd2+ 43. Re2 Rd8 44. Bxb7 Rb8 45. Nd5+ Kg7 46. Re7+ Kh6 47. Rff7 Kh5 48. Rxh7+ Kg4 49. Ne3+ Kf4 50. Re4# 1-0


[Site "https://www.chess.com"]

[Event "Titled Tuesday Blitz June 20 Late 2023"]
[White "O`Gorman, Tom"]
[Black "Goltsev, Dmitry"]
[WhiteFideId "2508249"]
[BlackFideId "24176710"]
[WhiteElo "2299"]
[BlackElo "2356"]
[Result "0-1"]
[Round "11"]
[TimeControl "180+2"]
[Date "2023.06.20"]
[WhiteClock "0:01:24"]
[BlackClock "0:00:44"]
[Board "33"]

1. e4 e6 2. d4 d5 3. Nd2 c5 4. Ngf3 Nf6 5. e5 Ne4 6. Bd3 Nxd2 7. Bxd2 cxd4 8. O-O Nc6 9. a3 Be7 10. b4 a6 11. Re1 g5 12. Bc1 g4 13. Nd2 h5 14. Nb3 Qc7 15. Bf4 b6 16. Bf1 Bb7 17. Nxd4 Nxd4 18. Qxd4 Rc8 19. Rac1 b5 20. c3 Bd8 21. Be3 Rb8 22. Qf4 Be7 23. Bd4 Qd8 24. Ra1 Bg5 25. Qg3 Bc6 26. a4 bxa4 27. Bxa6 Rg8 28. Qd3 Rg6 29. b5 Bd7 30. Rxa4 h4 31. Raa1 h3 32. g3 Kf8 33. Qe2 Kg7 34. b6 Rxb6 35. Bxb6 Qxb6 36. Bd3 f5 37. exf6+ Rxf6 38. Qxg4 Qxf2+ 0-1


[Site "https://www.chess.com"]

[Event "Titled Tuesday Blitz June 20 Late 2023"]
[White "Dushyant Sharma"]
[Black "Santos Ruiz, Miguel"]
[WhiteFideId "25065130"]
[BlackFideId "22291482"]
[WhiteElo "2198"]
[BlackElo "2499"]
[Result "0-1"]
[Round "11"]
[TimeControl "180+2"]
[Date "2023.06.20"]
[WhiteClock "0:00:57"]
[BlackClock "0:02:30"]
[Board "34"]

1. e4 c6 2. d4 d5 3. exd5 cxd5 4. Bd3 Nc6 5. c3 g6 6. Nf3 Qc7 7. O-O Bf5 8. Bxf5 gxf5 9. Re1 Nf6 10. Nbd2 e6 11. Nf1 Bd6 12. N3d2 Rg8 13. f3 Rg6 14. Nb3 O-O-O 15. Bd2 Rdg8 16. Re2 Nh5 17. Nc5 Bxc5 18. dxc5 Ne5 19. Rf2 Nd3 20. g3 Nxg3 21. Nxg3 Rxg3+ 0-1


[Site "https://www.chess.com"]

[Event "Titled Tuesday Blitz June 20 Late 2023"]
[White "Defend1r"]
[Black "Yuan, Qingyu"]
[BlackFideId "8609772"]
[WhiteElo "2568"]
[BlackElo "2359"]
[Result "1-0"]
[Round "11"]
[TimeControl "180+2"]
[Date "2023.06.21"]
[WhiteClock "0:00:32"]
[BlackClock "0:00:00"]
[Board "35"]

1. e4 c5 2. Nf3 d6 3. c3 Nf6 4. h3 Nc6 5. Bd3 g6 6. Bc2 e5 7. O-O Bg7 8. d3 O-O 9. a3 d5 10. exd5 Nxd5 11. Nbd2 b6 12. Nc4 Re8 13. Re1 Bb7 14. Bg5 Qc7 15. Bh4 Nf4 16. Bg3 Rad8 17. Qd2 Bh6 18. Ne3 c4 19. Kh2 Nxd3 20. Bxd3 Rxd3 21. Qc2 b5 22. a4 a6 23. axb5 axb5 24. Rad1 Qd8 25. Bh4 Qd6 26. Rxd3 cxd3 27. Qb3 e4+ 28. Bg3 Bf4 29. Ng4 d2 30. Nxd2 Qxd2 31. Nf6+ Kf8 32. Rd1 Bxg3+ 33. fxg3 Qg5 34. Nxh7+ Kg7 35. Nxg5 Ne5 36. Nxf7 Nxf7 37. Rd7 Re7 38. Rxe7 Bd5 39. Qxd5 1-0


[Site "https://www.chess.com"]

[Event "Titled Tuesday Blitz June 20 Late 2023"]
[White "Korchmar, Vasiliy"]
[Black "Ozates, Tuna"]
[WhiteFideId "24131750"]
[BlackFideId "6354521"]
[WhiteElo "2370"]
[BlackElo "2151"]
[Result "0-1"]
[Round "11"]
[TimeControl "180+2"]
[Date "2023.06.20"]
[WhiteClock "0:00:00"]
[BlackClock "0:00:18"]
[Board "36"]

1. e4 e5 2. Nf3 Nc6 3. Nc3 Nf6 4. Bb5 Nd4 5. O-O Bc5 6. Nxe5 O-O 7. Nd3 Bb6 8. e5 Ne8 9. Bc4 c6 10. Ne4 d5 11. exd6 Nxd6 12. Nxd6 Qxd6 13. c3 Be6 14. Bxe6 Nxe6 15. Ne1 c5 16. d3 Rad8 17. Be3 f5 18. f4 c4 19. d4 Nc7 20. Qe2 Qe6 21. Nf3 Nd5 22. Ne5 Rc8 23. Bd2 Nf6 24. Rae1 Ne4 25. Be3 Qd5 26. Qf3 Bd8 27. Kh1 Bf6 28. h3 Bh4 29. Bf2 Nxf2+ 30. Rxf2 Qxf3 31. Rxf3 Bxe1 32. g3 b5 33. Re3 Bd2 34. Re2 Bc1 35. Rc2 Be3 36. Re2 Bxd4 37. cxd4 b4 38. d5 Rfd8 39. Nc6 Rxc6 40. dxc6 Rc8 41. Kg2 Rxc6 42. Kf3 Kf7 43. Ke3 c3 44. Kd3 cxb2 45. Rxb2 Rc3+ 46. Kd4 a5 47. g4 Rxh3 0-1


[Site "https://www.chess.com"]

[Event "Titled Tuesday Blitz June 20 Late 2023"]
[White "Kakabayev, Mergen"]
[Black "Bilan, Danila"]
[WhiteFideId "14002990"]
[BlackFideId "24161918"]
[WhiteElo "2240"]
[BlackElo "2146"]
[Result "0-1"]
[Round "11"]
[TimeControl "180+2"]
[Date "2023.06.20"]
[WhiteClock "0:00:39"]
[BlackClock "0:00:20"]
[Board "37"]

1. e4 c6 2. d4 d5 3. e5 c5 4. dxc5 e6 5. Be3 Qc7 6. b4 Qxe5 7. Nd2 Nc6 8. Ngf3 Qc3 9. a3 e5 10. Bb5 d4 11. O-O dxe3 12. Ne4 Qb2 13. Rb1 Qa2 14. fxe3 Nf6 15. Nxe5 Qe6 16. Nxf6+ gxf6 17. Ng4 Bg7 18. e4 Qxg4 19. Qd6 Qe6 20. Qg3 O-O 21. e5 Nxe5 22. Rbe1 Qg4 23. Qf2 Ng6 24. Re3 f5 25. Rg3 Qd4 26. Bd3 Qxf2+ 27. Kxf2 Bd4+ 28. Ke2 Be6 29. Kd2 f4 30. Rgf3 Be3+ 31. Kc3 b6 32. c6 Bd5 0-1


[Site "https://www.chess.com"]

[Event "Titled Tuesday Blitz June 20 Late 2023"]
[White "Sun, Rick"]
[Black "Santos Flores, Alberto"]
[WhiteFideId "30909481"]
[BlackFideId "3601234"]
[WhiteElo "2169"]
[BlackElo "2235"]
[Result "0-1"]
[Round "11"]
[TimeControl "180+2"]
[Date "2023.06.20"]
[WhiteClock "0:00:00"]
[BlackClock "0:00:51"]
[Board "38"]

1. e4 c5 2. Nf3 Nc6 3. d4 cxd4 4. Nxd4 g6 5. Nc3 Bg7 6. Be3 Nf6 7. Bc4 O-O 8. Bb3 d6 9. f3 Bd7 10. Qd2 Nxd4 11. Bxd4 b5 12. h4 a5 13. h5 a4 14. Bd5 Rb8 15. hxg6 hxg6 16. g4 e6 17. g5 Nh5 18. Bxg7 Kxg7 19. O-O-O b4 20. Ne2 exd5 21. Qxd5 Be6 22. Qd4+ Kg8 23. f4 Bg4 24. Rd2 Qb6 25. Qd3 Rfe8 26. Ng3 Nxf4 27. Qf1 Nh5 28. Nxh5 Bxh5 29. Qf6 Re6 30. Qf4 Rbe8 31. Rf2 Qc7 32. Re1 Qe7 33. Kb1 a3 34. b3 Re5 35. Kc1 Rxg5 0-1


[Site "https://www.chess.com"]

[Event "Titled Tuesday Blitz June 20 Late 2023"]
[White "Ashraf, Artin"]
[Black "Mattheii"]
[WhiteFideId "22514805"]
[WhiteElo "2224"]
[BlackElo "2510"]
[Result "1-0"]
[Round "11"]
[TimeControl "180+2"]
[Date "2023.06.20"]
[WhiteClock "0:00:04"]
[BlackClock "0:00:03"]
[Board "39"]

1. e4 c5 2. Nf3 Nc6 3. Bb5 g6 4. O-O Bg7 5. Bxc6 dxc6 6. Re1 Nf6 7. d3 O-O 8. Nc3 Nd7 9. Be3 e5 10. a3 a5 11. Qd2 Re8 12. Bh6 Nf8 13. Na4 b6 14. Bxg7 Kxg7 15. Qc3 f6 16. b4 axb4 17. axb4 cxb4 18. Qxb4 b5 19. Nc5 Bg4 20. Nd2 Qe7 21. Ndb3 Kg8 22. Qc3 Qc7 23. Na6 Qd6 24. Nb4 Bd7 25. Nc5 Rec8 26. h4 Ne6 27. Rxa8 Rxa8 28. Nxd7 Qxd7 29. Nxc6 Kf7 30. Nb4 Rc8 31. Qb3 Kg7 32. Qd5 Qe7 33. Nc6 Qe8 34. Na7 Rd8 35. Qxb5 Qxb5 36. Nxb5 Rc8 37. Re2 Rb8 38. c4 Rd8 39. Ra2 Rxd3 40. Ra7+ Kh6 41. Ra6 Nf4 42. Rxf6 Rd1+ 43. Kh2 Nd3 44. Rd6 Nxf2 45. Rxd1 Nxd1 46. c5 Nf2 47. c6 Ng4+ 48. Kh3 Nf2+ 49. Kh2 Ng4+ 50. Kg1 Nf6 51. c7 Nxe4 52. c8=Q Ng3 53. Qc1+ Kh5 54. Qg5# 1-0


[Site "https://www.chess.com"]

[Event "Titled Tuesday Blitz June 20 Late 2023"]
[White "Bernabeu Lopez, Carlos Javier"]
[Black "Nikologorsky, Matfei"]
[WhiteFideId "2235366"]
[BlackFideId "24102474"]
[WhiteElo "2344"]
[BlackElo "2153"]
[Result "1-0"]
[Round "11"]
[TimeControl "180+2"]
[Date "2023.06.20"]
[WhiteClock "0:01:27"]
[BlackClock "0:00:01"]
[Board "40"]

1. e4 c5 2. Nf3 e6 3. Nc3 a6 4. d4 cxd4 5. Nxd4 Qc7 6. g3 Bb4 7. Bd2 Nc6 8. Nxc6 dxc6 9. Bg2 Nf6 10. O-O e5 11. a3 Bc5 12. Qe1 O-O 13. Be3 Be7 14. h3 Be6 15. Qe2 b5 16. Rfd1 Rfd8 17. Rxd8+ Rxd8 18. Rd1 Rxd1+ 19. Qxd1 h6 20. Kh2 a5 21. Qd2 Nd7 22. Ne2 b4 23. axb4 axb4 24. Nc1 Nb6 25. b3 c5 26. Nd3 Nc8 27. Nb2 Nd6 28. f3 Nb5 29. Bf1 Nd4 30. Bxd4 cxd4 31. Bc4 Bc8 32. Nd3 Qd7 33. Qg2 Qd6 34. Qf1 Kf8 35. Qa1 Qd7 36. Nf2 g6 37. Qa8 Kg7 38. Qd5 Qxd5 39. Bxd5 Bd6 40. Bc4 f5 41. Bd3 Kf6 42. g4 h5 43. Kg3 f4+ 44. Kg2 Kg5 45. Bc4 Bd7 46. Nd3 Bc8 47. Nb2 Bd7 48. Bd3 Bc7 49. Nc4 Be6 50. Nb2 Bd7 51. Be2 Be6 52. Nd3 Bd6 53. Ne1 Bd7 54. Kh2 Be6 55. Ng2 hxg4 56. hxg4 Bd7 57. Ne1 Be6 58. Kg2 Bd7 59. Kf2 Be6 60. Nd3 Bd7 61. Nb2 Be6 62. Na4 Bd7 63. Nb6 Bc6 64. Bd3 Kf6 65. Nc4 Bc7 66. Nb2 Bd7 67. Bc4 Bc6 68. Nd3 Bd6 69. Ke2 Bd7 70. Nb2 Kg5 71. Kf2 Kh4 72. Bd3 Kg5 73. Nc4 Bc7 74. Nd2 Bd6 75. Kg2 Bc7 76. Kh2 Bd6 77. Nc4 Bc7 78. Nb2 Bd6 79. Nd1 Bc7 80. Nf2 Bd6 81. Nh3+ Kf6 82. Bc4 g5 83. Nf2 Ke7 84. Kg2 Kd8 85. Kf1 Kc7 86. Ke2 Kb6 87. Nd3 Bc7 88. Nb2 Bd6 89. Kd3 Bc5 90. Bd5 Bb5+ 91. Bc4 Bc6 92. Kd2 Bd7 93. Bd3 Bd6 94. Be2 Kc5 95. Ba6 Bc7 96. Bc4 Kb6 97. Bd5 Bd6 98. Bg8 Kc7 99. Bc4 Kb6 100. Kd3 Bc5 101. Nd1 Bd6 102. Nf2 Be7 103. Kd2 Kc5 104. Nd3+ Kd6 105. Nxb4 Bd8 106. Nd3 Ba5+ 107. b4 Bd8 108. Kc1 Ba4 109. Kb2 Bb6 110. Nc1 Bc6 111. Kb3 Bb7 112. Nd3 Bc6 113. b5 Bb7 114. Bf7 Ba5 115. Kc4 Bd2 116. Bd5 Bxd5+ 117. exd5 e4 118. fxe4 f3 119. Kxd4 Be1 120. e5+ Kc7 121. Ke3 Kb6 122. c4 Bc3 123. Kxf3 Bd4 124. Ke4 Bc3 125. d6 Kb7 126. Kd5 Bb2 127. c5 Kc8 128. c6 Kb8 129. e6 Ba3 130. Nf2 Ka7 131. Ne4 Bb4 132. e7 Bc5 133. e8=Q Bb6 134. Qd7+ Ka8 135. Qc8+ Ka7 136. Qb7# 1-0


[Site "https://www.chess.com"]

[Event "Titled Tuesday Blitz June 20 Late 2023"]
[White "Wang, Isaac"]
[Black "ATM622"]
[WhiteFideId "30977185"]
[WhiteElo "2449"]
[BlackElo "2641"]
[Result "0-1"]
[Round "11"]
[TimeControl "180+2"]
[Date "2023.06.20"]
[WhiteClock "0:02:03"]
[BlackClock "0:01:53"]
[Board "41"]

1. d4 Nf6 2. c4 e6 3. Nf3 d5 4. Nc3 Be7 5. g3 O-O 6. Bg2 c6 7. O-O Nbd7 8. Qd3 dxc4 9. Qxc4 Nb6 10. Qb3 Nbd5 11. Rd1 a5 12. Bg5 h6 13. Bxf6 Bxf6 14. e4 Nxc3 15. bxc3 b5 16. a4 Ba6 17. e5 Be7 18. Nd2 Qb6 19. axb5 Qxb5 20. Qa2 Qb7 21. Rdb1 Qc8 22. Qxa5 Bd3 23. Qxa8 Qxa8 24. Rxa8 Rxa8 25. Rb7 Ra1+ 26. Bf1 Rd1 27. Rb2 Ba3 28. Ra2 Bc1 29. Kg2 Rxd2 30. Rxd2 Bxf1+ 31. Kxf1 Bxd2 32. c4 Bc3 0-1


[Site "https://www.chess.com"]

[Event "Titled Tuesday Blitz June 20 Late 2023"]
[White "Fishbein, Alexander"]
[Black "Buscar, Michael"]
[WhiteFideId "2000377"]
[BlackFideId "2603616"]
[WhiteElo "2403"]
[BlackElo "2010"]
[Result "1-0"]
[Round "11"]
[TimeControl "180+2"]
[Date "2023.06.20"]
[WhiteClock "0:00:15"]
[BlackClock "0:00:04"]
[Board "42"]

1. e4 c5 2. Nf3 Nc6 3. d4 cxd4 4. Nxd4 Nf6 5. Nc3 e5 6. Ndb5 h6 7. Nd6+ Bxd6 8. Qxd6 Qe7 9. Qxe7+ Kxe7 10. b3 Rd8 11. Ba3+ d6 12. O-O-O Be6 13. f3 Nd4 14. Rxd4 exd4 15. Nb5 Ne8 16. Nxd4 Rac8 17. Kb2 Kf6 18. Be2 d5 19. exd5 Bxd5 20. Re1 Nd6 21. Bd3 a6 22. c4 Be6 23. Nxe6 fxe6 24. Bb4 Nf5 25. Bc3+ Kf7 26. Be4 Rd7 27. g4 Nd6 28. Bc2 b5 29. cxb5 Nxb5 30. Ba5 Nd4 31. Be4 Nc6 32. Rc1 Ne7 33. Rxc8 Nxc8 34. a4 Ne7 35. Bc3 Nd5 36. Be5 g5 37. Ka3 Rb7 38. Bd3 Rb6 39. a5 Rc6 40. b4 Nc3 41. Kb3 Nd5 42. Bd4 Nf4 43. Bc4 Nd5 44. b5 axb5 45. Bxb5 Rd6 46. Bc5 Rd8 47. a6 Rb8 48. Kc4 Nc7 49. Bd6 Nxa6 50. Bxb8 Nc7 51. Bxc7 1-0


[Site "https://www.chess.com"]

[Event "Titled Tuesday Blitz June 20 Late 2023"]
[White "Zhigalko, Sergei"]
[Black "ElDivis"]
[WhiteFideId "13502956"]
[WhiteElo "2626"]
[BlackElo "2541"]
[Result "1-0"]
[Round "11"]
[TimeControl "180+2"]
[Date "2023.06.20"]
[WhiteClock "0:00:04"]
[BlackClock "0:00:00"]
[Board "44"]

1. h4 d5 2. a4 e5 3. b3 Nc6 4. Bb2 Nf6 5. g3 Bc5 6. e3 O-O 7. d3 d4 8. e4 Bb4+ 9. Nd2 Ng4 10. Qe2 Bc3 11. Rb1 f5 12. exf5 Bxf5 13. Nf3 Nb4 14. Qd1 Qf6 15. Be2 Bxb2 16. Rxb2 Nd5 17. O-O Nc3 18. Qe1 Rae8 19. Ng5 h6 20. Nge4 Nxe4 21. Nxe4 Bxe4 22. dxe4 h5 23. b4 Qg6 24. Rb3 Kh8 25. Bd1 Rf6 26. Rd3 Ref8 27. Bxg4 Qxg4 28. c3 Rf3 29. Rxf3 Qxf3 30. cxd4 exd4 31. Qd1 Qxe4 32. Qxh5+ Qh7 33. Qd5 d3 34. Rd1 Qf5 35. Qxf5 Rxf5 36. Rxd3 c5 37. Rd7 cxb4 38. Rxb7 a5 39. Kg2 Rb5 40. Rxb5 1-0


[Site "https://www.chess.com"]

[Event "Titled Tuesday Blitz June 20 Late 2023"]
[White "Novikov, Evgenij"]
[Black "Makridis, Dimitrios"]
[WhiteFideId "4125380"]
[BlackFideId "25864475"]
[WhiteElo "2242"]
[BlackElo "2277"]
[Result "0-1"]
[Round "11"]
[TimeControl "180+2"]
[Date "2023.06.20"]
[WhiteClock "0:00:00"]
[BlackClock "0:00:38"]
[Board "45"]

1. d4 Nf6 2. Nf3 e6 3. Bf4 c5 4. e3 Nc6 5. c3 h6 6. h3 d5 7. Bd3 Bd6 8. Bxd6 Qxd6 9. O-O O-O 10. Nbd2 e5 11. dxc5 Qxc5 12. e4 Rd8 13. Qe2 Be6 14. Rac1 Qe7 15. Bb1 dxe4 16. Nxe4 Nd5 17. Rfd1 Nf4 18. Qe3 Bc4 19. Ng3 Bd5 20. b4 Qe6 21. Re1 Bxf3 22. Qxf3 a5 23. b5 Ne7 24. Qxb7 Ned5 25. c4 Nb4 26. Qe4 Nbd3 27. Red1 Nxc1 28. Qh7+ Kf8 29. Rxc1 g6 30. Qxh6+ Ke7 31. Be4 Rh8 32. Qg5+ f6 33. Qg4 Qxg4 34. hxg4 Rad8 35. b6 Rd4 36. Bf3 Nd3 37. Rd1 Rb8 38. b7 Nc5 39. Rxd4 exd4 40. Ne2 d3 41. Nc3 Nxb7 42. Nd5+ Kd6 43. Nf4 Nc5 44. g3 Rb1+ 45. Kg2 d2 0-1


[Site "https://www.chess.com"]

[Event "Titled Tuesday Blitz June 20 Late 2023"]
[White "Berezin, Viktor"]
[Black "Turayev, Shahruh"]
[WhiteFideId "14107872"]
[BlackFideId "14003856"]
[WhiteElo "2310"]
[BlackElo "2113"]
[Result "0-1"]
[Round "11"]
[TimeControl "180+2"]
[Date "2023.06.20"]
[WhiteClock "0:00:06"]
[BlackClock "0:00:23"]
[Board "46"]

1. d4 d5 2. c4 e6 3. Nf3 Nf6 4. g3 dxc4 5. Bg2 a6 6. a4 Nc6 7. O-O Bd7 8. e3 Rb8 9. b3 cxb3 10. Qxb3 Be7 11. Ba3 O-O 12. Bxe7 Qxe7 13. Na3 b5 14. axb5 axb5 15. Rfc1 Nd5 16. e4 Na5 17. Qb2 Nb6 18. Rxc7 b4 19. Nc2 Nbc4 20. Qb1 b3 21. Ne3 b2 22. Ra2 Na3 23. Rxa3 Qxa3 24. Nc2 Qd6 25. Ra7 Rfc8 26. Nfe1 Nc4 27. Nf3 Bc6 28. e5 Qd8 29. d5 Bxd5 30. Ncd4 Bxf3 31. Nxf3 Nd2 32. Ng5 Rc1+ 0-1


[Site "https://www.chess.com"]

[Event "Titled Tuesday Blitz June 20 Late 2023"]
[White "Kochiev, Ivan"]
[Black "Adewumi, Tanitoluwa"]
[WhiteFideId "2917890"]
[BlackFideId "30966396"]
[WhiteElo "2287"]
[BlackElo "2666"]
[Result "1-0"]
[Round "11"]
[TimeControl "180+2"]
[Date "2023.06.20"]
[WhiteClock "0:00:18"]
[BlackClock "0:00:01"]
[Board "47"]

1. e4 c5 2. Nf3 e6 3. d4 cxd4 4. Nxd4 Nc6 5. Nc3 Qc7 6. f4 a6 7. Nxc6 Qxc6 8. Bd3 b5 9. a3 Bb7 10. Bd2 Bc5 11. Qf3 Nf6 12. O-O-O Rc8 13. g4 b4 14. axb4 Bxb4 15. Rhe1 O-O 16. g5 Ne8 17. h4 f5 18. gxf6 Nxf6 19. Qg3 a5 20. Rg1 Rf7 21. e5 Bxc3 22. Bxc3 Ne4 23. Bxe4 Qxe4 24. Rd4 Qf5 25. Qd3 Qxd3 26. cxd3 Bd5 27. Kd2 Rb8 28. Ke3 Bc6 29. Ra1 a4 30. Rb4 Rxb4 31. Bxb4 h6 32. Bd6 Kh7 33. Rg1 Rf5 34. Rg4 Rh5 35. Bf8 g6 36. Be7 Rf5 37. Bf6 d6 38. d4 dxe5 39. dxe5 Bd5 40. Rg1 Bb3 41. Rc1 g5 42. fxg5 hxg5 43. hxg5 Kg6 44. Rh1 Kf7 45. Rh7+ Kg6 46. Rh6+ Kf7 47. g6+ Ke8 48. Rh8+ Kd7 49. g7 1-0


[Site "https://www.chess.com"]

[Event "Titled Tuesday Blitz June 20 Late 2023"]
[White "Ganiev, Roman"]
[Black "Liu, Casper"]
[WhiteFideId "4131452"]
[BlackFideId "1454153"]
[WhiteElo "2661"]
[BlackElo "2221"]
[Result "1-0"]
[Round "11"]
[TimeControl "180+2"]
[Date "2023.06.20"]
[WhiteClock "0:01:48"]
[BlackClock "0:01:59"]
[Board "48"]

1. e4 d5 2. exd5 Qxd5 3. Nc3 Qd6 4. d4 Nc6 5. Nf3 Bg4 6. Be3 O-O-O 7. Be2 a6 8. O-O h5 9. d5 Nb4 10. Qd4 Nxd5 11. Nxd5 Qxd5 12. Qa7 Rd6 13. Rad1 Qc6 14. Qa8+ Kd7 15. Ne5+ 1-0


[Site "https://www.chess.com"]